 Dungeon Sprint DCSS version 0.17-a0-1575-g9a29ec8 (webtiles) character file.

6 nuthulu the Covered (level 3, -5/26 HPs)
             Began as a Gargoyle Fighter on July 26, 2015.
             Was a Believer of Cheibriados.
             Killed by nerve-wracking pain
             ... invoked by a shadow imp
             ... summoned by Eustachio
              (9 damage)
             ... in the Dungeon (Sprint VI: "Thunderdome").
             The game lasted 00:01:44 (194 turns).

nuthulu the Covered (Gargoyle Fighter)               Turns: 194, Time: 00:01:45

Health: -5/26      AC: 10    Str: 30    XL:     3   Next: 95%
Magic:  3/3        EV: 10    Int: 12    God:    Cheibriados [**....]
Gold:   75         SH: 12    Dex: 23    Spells: 0 memorised, 2 levels left

rFire  + . .     SeeInvis .     a - +0 flail
rCold  + . .     Clarity  .     b - +0 scale mail
rNeg   + . .     SustAt   +     c - +0 shield
rPois  ∞         Gourm    .     (no helmet)
rElec  +         Spirit   .     (no cloak)
rCorr  .         Warding  .     (no gloves)
rMut   .         Stasis   +     (no boots)
MR     .....                    p - amulet of Insomnia {Stasis Str+7 Slay+2 Stlth-}
Stlth  ..........               q - ring "Qemalluc" {rF+ rC+ EV+2 Dex+3}
                                d - ring of Bokek {SustAt +Blink Dex+6}

@: very slow, not resistant to hostile enchantments, extremely unstealthy
A: negative energy resistance 1, electricity resistance, unbreathing,
petrification resistance, rot immunity, AC +3
a: Bend Time, Renounce Religion, Evoke Blink


You were in the Dungeon.
You worshipped Cheibriados.
Cheibriados was pleased with you.
You were not hungry.

You visited 1 branch You collected 210 gold pieces.
You spent 135 gold pieces at shops.

Inventory:

Hand weapons
 a - a +0 flail (weapon)
Armour
 b - a +0 scale mail (worn)
 c - a +0 shield (worn)
Jewellery
 d - the ring of Bokek (left hand) {SustAt +Blink Dex+6}
   (You bought it in a shop in the Dungeon)

   [ring of sustain attributes]

   It sustains your strength, intelligence and dexterity.
   It affects your dexterity (+6).
   It lets you blink.
 p - the amulet of Insomnia (around neck) {Stasis Str+7 Slay+2 Stlth-}
   (You bought it in a shop in the Dungeon)

   [amulet of stasis]

   It prevents you from being teleported, slowed, hasted or paralysed.
   It affects your strength (+7).
   It affects your accuracy and damage with ranged weapons and melee attacks
   (+2).
   It makes you less stealthy.
 q - the ring "Qemalluc" (right hand) {rF+ rC+ EV+2 Dex+3}
   (You bought it in a shop in the Dungeon)

   [ring of evasion]

   It affects your evasion (+2).
   It affects your dexterity (+3).
   It protects you from fire.
   It protects you from cold.
Magical devices
 l - a wand of cold (5)
 m - a wand of fire (5)
Scrolls
 k - 4 scrolls of blinking
 n - 3 scrolls of fog
Potions
 f - a potion of curing
 g - 4 potions of heal wounds
 h - 4 potions of haste
 i - 2 potions of magic
 j - a potion of berserk rage
 o - a potion of resistance
Comestibles
 e - a bread ration
 r - a chunk of flesh


   Skills:
 + Level 5.5 Fighting
 + Level 2.8 Maces & Flails
 + Level 5.6 Armour
 + Level 5.3 Shields


You had 2 spell levels left.
You didn't know any spells.

Dungeon Overview and Level Annotations

Branches:
Dungeon (1/1)

Altars:
Cheibriados
Dithmenos
Fedhas
Gozag
Kikubaaqudgha
Makhleb
Okawaru
Qazlal
Ru
Sif Muna
Trog
Vehumet
Xom
Yredelemnul
Zin
The Shining One
Jiyva
Lugonu

Shops:
D *[%??*?*:[((!!!!

Annotations:
D Eustachio, Grinder


Innate Abilities, Weirdness & Mutations

You are resistant to torment.
Your stone body is resilient (AC +3).
You are immune to poison.
You resist negative energy.
You are resistant to electric shocks.
You can survive without breathing.
You are immune to petrification.
You are immune to rotting.


Message History

The ufetubus closely misses you. The quasit closely misses you.
The quasit claws you but does no damage. x2
Eustachio mumbles some strange words.
Eustachio blinks!
The shadow imp barely misses you. The shadow imp closely misses you.
The ufetubus hits you but does no damage.
The ufetubus closely misses you. You block the ufetubus's attack. x2
The quasit bites you but does no damage.
The quasit claws you but does no damage.
The quasit closely misses you. The ufetubus closely misses you.
The ufetubus hits you.
* * * LOW HITPOINT WARNING * * *
The ufetubus hits you.
* * * LOW HITPOINT WARNING * * *
You block the ufetubus's attack. The quasit closely misses you.
The quasit claws you but does no damage. x2
The shadow imp gestures at you. Pain shoots through your body!
You die...

##∩.....∩## #∩.......∩#
#_......._# #_......._#
#_........# ###.........###
#⌠...........⌠#
######.85........8.######
##∩___..5@5.###......__.∩#
###∩......558.# #.8........∩
##......@......###...........
#⌠.......[..###...###........
#⌠..........# #.<.# #........
#⌠..........###...###........
##.............###...........
###∩.......[8.# #.8........∩
##∩__.......###......__.∩#


You could see Eustachio, a quasit, 2 shadow imps and 2 ufetubi.

Vanquished Creatures
  Jessica (D)
  Terence (D)
  A giant gecko (D)
  A bat skeleton (D)
  A jackal (D)
5 creatures vanquished.

Notes
Turn   | Place    | Note
--------------------------------------------------------------
     0 | D        | nuthulu the Gargoyle Fighter began the quest for the Orb.
     0 | D        | Reached XP level 1. HP: 14/14 MP: 1/1
     1 | D        | Found a radiant altar of Vehumet.
     1 | D        | Found a glowing golden altar of the Shining One.
     2 | D        | Found a corrupted altar of Lugonu.
     3 | D        | Found an opulent altar of Gozag.
     3 | D        | Found an iron altar of Okawaru.
     4 | D        | Found a deep blue altar of Sif Muna.
     4 | D        | Found Mukhla's Weapon Rack.
     4 | D        | Found Qasarurph's Premium Goods.
     5 | D        | Found Tyashrebo's Basic Armour.
     5 | D        | Found Ysigh's Miscellaneous Merchandise.
     5 | D        | Round 1.
    10 | D        | Found a glowing silver altar of Zin.
    11 | D        | Found an ancient bone altar of Kikubaaqudgha.
    12 | D        | Found Yruugol's Identification Station.
    13 | D        | Found Gaiveof's Advanced Armour.
    13 | D        | Found Tatirut's Jewellery.
    13 | D        | Found a stormy altar of Qazlal.
    13 | D        | Found a shimmering altar of Xom.
    13 | D        | Found a viscous altar of Jiyva.
    13 | D        | Found Mazeolierph's Bee Food.
    13 | D        | Noticed Terence
    20 | D        | Killed Terence
    20 | D        | Reached skill level 4 in Fighting
    20 | D        | Reached XP level 2. HP: 17/20 MP: 2/2
    20 | D        | Reached XP level 3. HP: 20/24 MP: 3/3
    21 | D        | Found a basalt altar of Yredelemnul.
    27 | D        | Bought a shimmering pewter ring for 45 gold pieces
    27 | D        | Bought a smoking amethyst amulet for 45 gold pieces
    27 | D        | Bought an ancient platinum ring for 45 gold pieces
    27 | D        | Identified the ring of Bokek {SustAt +Blink Dex+6} (You bought it in a shop in the Dungeon)
    28 | D        | Identified the amulet of Insomnia {Stasis Str+7 Slay+2 Stlth-} (You bought it in a shop in the Dungeon)
    29 | D        | Identified the ring "Qemalluc" {rF+ rC+ EV+2 Dex+3} (You bought it in a shop in the Dungeon)
    36 | D        | Found a burning altar of Makhleb.
    37 | D        | Found a sacrificial altar of Ru.
    38 | D        | Found a snail-covered altar of Cheibriados.
    38 | D        | Found a bloodstained altar of Trog.
    38 | D        | Found Vaitran's Magic Scroll Shop.
    38 | D        | Found Zoism's Staff Store.
    39 | D        | Found Keukk's Magic Scroll Shop.
    39 | D        | Found Suwnaapa's Must-Have Magic.
    42 | D        | Found a blossoming altar of Fedhas.
    46 | D        | Became a worshipper of Cheibriados the Contemplative
    72 | D        | Found a shadowy altar of Dithmenos.
    73 | D        | Found Lucsuidghiddo's Distillery.
    75 | D        | Found Nihea's Do-It-Yourself Clinic.
    76 | D        | Found Jaon's Distillery.
    76 | D        | Found Orauseat's Bottled Wisdom.
   128 | D        | Acquired Cheibriados's first power
   128 | D        | Reached skill level 5 in Armour
   141 | D        | Reached skill level 5 in Shields
   144 | D        | Noticed Jessica
   157 | D        | Killed Jessica
   157 | D        | Reached skill level 5 in Fighting
   169 | D        | Arena points: 6 (+6) [x1]
   184 | D        | Round 2.
   184 | D        | Noticed Eustachio
   193 | D        | Noticed Grinder
   194 | D        | Killed from afar by a shadow imp

Vault maps used:
D:        arena_sprint

Action                   || total
-------------------------++-------
Melee: Flail             ||    23
  Use: Potion            ||     1
